 Dungeon Crawl Stone Soup version 0.27-a0-1149-g4505690ab0 (webtiles) character file.

Game seed: 8580756584698490694

2270 Azzok the Cleaver (level 9, -7/63 HPs)
             Began as a Demonspawn Berserker on May 14, 2021.
             Was an Elder of Trog.
             Mangled by an iguana (9 damage)
             ... on level 6 of the Dungeon.
             The game lasted 00:06:38 (5658 turns).

Azzok the Cleaver (Demonspawn Berserker)            Turns: 5658, Time: 00:06:38

Health: -7/63      AC: 13    Str: 34    XL:     9   Next: 16%
Magic:  9/9        EV: 11    Int:  8    God:    Trog [****..]
Gold:   298        SH:  0    Dex: 12    Spells: 8/8 levels left

rFire    . . .     SeeInvis .   t - +4 quarterstaff (chaos)
rCold    . . .     Faith    +   (shield currently unavailable)
rNeg     . . .     Spirit   .   v - +0 scale mail
rPois    +         Reflect  .   m - +2 helmet of Activism {Stlth+}
rElec    .         Harm     .   u - +0 cloak {rPois}
rCorr    .         Rampage  .   (no gloves)
Will     .....                  (no boots)
Stlth    +.........             f - amulet of faith
HPRegen  0.20/turn              b - +6 ring of strength
MPRegen  0.11/turn              B - +6 ring of strength

@: no status effects
A: talons 2, yellow scales 2
a: Renounce Religion, Berserk, Trog's Hand, Brothers in Arms


You were on level 6 of the Dungeon.
You worshipped Trog.
Trog was greatly pleased with you.
You visited 1 branch of the dungeon, and saw 7 of its levels.

You collected 298 gold pieces.

Inventory:

Hand Weapons
 a - a +0 hand axe
 q - a +1 dagger of venom
 t - a +4 quarterstaff of chaos (weapon)
Missiles
 y - 9 curare-tipped darts
 D - a throwing net
Armour
 m - the +2 helmet of Activism (worn) {Stlth+}
   (You found it on level 5 of the Dungeon)

   It makes you more stealthy.
 u - a +0 cloak of poison resistance (worn)
 v - a +0 scale mail (worn)
Jewellery
 b - a +6 ring of strength (left hand)
 f - an amulet of faith (around neck)
 B - a +6 ring of strength (right hand)
Wands
 d - a wand of paralysis (5)
 E - a wand of iceblast (11)
Scrolls
 c - 4 scrolls of magic mapping
 e - 4 scrolls of identify {unknown}
 h - 2 scrolls of enchant armour {unknown}
 i - 4 scrolls of teleportation {unknown}
 l - 2 scrolls of fear {unknown}
 n - a scroll of blinking {unknown}
 r - a scroll of enchant weapon {unknown}
 w - a scroll of silence {unknown}
 x - 2 scrolls of summoning {unknown}
Potions
 g - a potion of degeneration {unknown}
 j - 2 potions of ambrosia {unknown}
 k - a potion of mutation {unknown}
 o - 2 potions of curing {unknown}
 p - 3 potions of lignification {unknown}
 s - a potion of haste {unknown}
 z - a potion of invisibility {unknown}
 A - 2 potions of flight {unknown}
 C - a potion of attraction {unknown}


   Skills:
 - Level 3.0 Fighting
 + Level 11.4 Axes
 - Level 1.7 Armour
 - Level 1.7 Dodging


You had 8 spell levels left.
You didn't know any spells.
Your spell library was empty.

Dungeon Overview and Level Annotations

Branches:
Dungeon (7/15)             Temple (0/1) D:6

Altars:
Ashenzari
Dithmenos
Kikubaaqudgha
Ru

Annotations:
D:5 2 transporters


Innate Abilities, Weirdness & Mutations

You have razor-sharp toenails.
You are mostly covered in yellow scales. (AC +3)


Message History

Trog accepts your kill.
The orc wizard gestures at you while chanting.
The magic dart hits you but does no damage.
The orc hits you but does no damage. The iguana bites you!
You closely miss the orc. You claw the orc!
You kill the orc!
Trog accepts your kill.
The orc wizard hits you but does no damage.
The orc warrior hits you but does no damage.
The iguana bites you!
The orc wizard hits you but does no damage.
The orc warrior barely misses you.
You hit the orc wizard. You claw the orc wizard!
The orc wizard is severely wounded.
The iguana barely misses you. The orc wizard closely misses you.
The orc warrior completely misses you.
The iguana bites you but does no damage.
You closely miss the orc wizard. Your kick misses the orc wizard.
The orc wizard is severely wounded.
The orc wizard points at itself and mumbles some strange words.
The orc wizard flickers and vanishes!
Deactivating autopickup; reactivate with Ctrl-A.
The orc warrior hits you from afar with a +0 trident.
The iguana closely misses you.
You hit something. Your kick misses something.
Something hits you but does no damage.
The orc warrior hits you from afar with a +0 trident!
* * * LOW HITPOINT WARNING * * *
The iguana bites you but does no damage.
Something hits you.
* * * LOW HITPOINT WARNING * * *
You miss something. You claw something.
The orc warrior hits you from afar with a +0 trident!
* * * LOW HITPOINT WARNING * * *
The iguana bites you but does no damage.
Something hits you but does no damage.
The orc warrior hits you from afar with a +0 trident.
* * * LOW HITPOINT WARNING * * *
The iguana bites you!
You die...

···(··········▒···· ··>·
▒▒▒▒·▒···▒·▒▒·▒·▒▒·▒····
▒·▒···▒··············
▒·▒·▒····▒▒?▒·▒·▒····
▒·▒·▒·▒▒····▒·▒·▒····
▒·▒···············▒
▒▒▒▒·▒▒▒▒▒▒▒▒▒▒····▒▒▒
·····▒ ·········l·▒
·····▒ ·······)@··▒
·····▒ ·······{)·▒▒
·····▒ ········o··▒
·····▒ ··!········▒
·····▒ ············
·····▒ ··········▒▒▒
·····▒ ·········▒ ·····▒
·········▒ ·····▒


You could see an orc warrior and an iguana.

Vanquished Creatures
  Grinder (D:3)
  A steam dragon (D:6)
  A water moccasin (D:7)
  An ice beast (D:6)
  2 ogres
  A centaur (D:7)
  2 elf zombies (D:4)
  A phantom (D:6)
  A kobold brigand (D:4)
  A bullfrog (D:6)
  2 scorpions (D:5)
  An elf skeleton (D:4)
  2 water moccasin skeletons
  A howler monkey (D:2)
  2 jellies
  A centaur zombie (D:6)
  3 orc priests
  Crazy Yiuf (D:3)
  4 hounds
  A centaur skeleton (D:6)
  2 human skeletons (D:4)
  4 orc wizards
  3 iguanas
  2 scorpion zombies (D:5)
  A howler monkey zombie (D:6)
  3 adders
  A white imp (D:7)
  2 ufetubi
  2 worms (D:2)
  2 dart slugs (D:3)
  17 orcs
  8 endoplasms
  3 giant cockroaches (D:2)
  7 goblins
  6 hobgoblins
  11 jackals
  4 quokkas
  5 ball pythons
  6 bats
  6 frilled lizards
  7 kobolds
  An orc skeleton (D:4)
  4 rats
137 creatures vanquished.

Vanquished Creatures (others)
  A fungus (D:3)
  4 plants (D:4)
5 creatures vanquished.

Grand Total: 142 creatures vanquished

Notes
Turn   | Place    | Note
-------+----------+-------------------------------------------
     0 | D:1      | Azzok the Demonspawn Berserker began the quest for the Orb.
     0 | D:1      | Reached XP level 1. HP: 18/18 MP: 1/1
   295 | D:1      | Reached skill level 3 in Axes
   602 | D:1      | Gained mutation: You have sharp toenails. [demonic
                  | ancestry]
   602 | D:1      | Reached XP level 2. HP: 24/24 MP: 2/2
   973 | D:1      | Found a faded altar of an unknown god.
  1107 | D:1      | Reached ** piety under Trog
  1332 | D:2      | Found a broken altar of Ashenzari.
  1375 | D:2      | Reached XP level 3. HP: 26/29 MP: 3/3
  1623 | D:2      | Reached skill level 4 in Axes
  1623 | D:2      | Reached XP level 4. HP: 33/35 MP: 4/4
  2115 | D:3      | Reached skill level 5 in Axes
  2116 | D:3      | Gained mutation: You are partially covered in yellow
                  | scales. (AC +2) [demonic ancestry]
  2116 | D:3      | Reached XP level 5. HP: 41/41 MP: 5/5
  2155 | D:3      | Reached *** piety under Trog
  2242 | D:3      | Noticed Grinder
  2253 | D:3      | Killed Grinder
  2254 | D:3      | Reached skill level 6 in Axes
  2254 | D:3      | Reached XP level 6. HP: 47/47 MP: 6/6
  3004 | D:3      | Found a runed translucent door.
  3005 | D:3      | Noticed Crazy Yiuf
  3011 | D:3      | Killed Crazy Yiuf
  3160 | D:4      | Reached skill level 7 in Axes
  3174 | D:4      | Found a shadowy altar of Dithmenos.
  3261 | D:4      | You fall into a shaft and drop 3 floors!
  3261 | D:7      | Noticed a water moccasin
  3269 | D:7      | Killed a water moccasin
  3270 | D:7      | Gained mutation: You are mostly covered in yellow scales.
                  | (AC +3) [demonic ancestry]
  3270 | D:7      | Reached XP level 7. HP: 52/52 MP: 7/7
  3405 | D:7      | Reached skill level 8 in Axes
  3425 | D:7      | Reached **** piety under Trog
  3596 | D:5      | Entered Level 5 of the Dungeon
  3658 | D:5      | Found an ancient bone altar of Kikubaaqudgha.
  3692 | D:5      | Reached skill level 9 in Axes
  3692 | D:5      | Reached XP level 8. HP: 50/58 MP: 8/8
  3771 | D:5      | Found a sacrificial altar of Ru.
  3851 | D:5      | Found a transporter.
  3903 | D:5      | Found a transporter.
  4005 | D:5      | Identified the +2 helmet of Activism {Stlth+}
  4522 | D:4      | Reached skill level 10 in Axes
  5491 | D:6      | Reached skill level 11 in Axes
  5491 | D:6      | Found a staircase to the Ecumenical Temple.
  5496 | D:6      | Gained mutation: You have razor-sharp toenails. [demonic
                  | ancestry]
  5496 | D:6      | Reached XP level 9. HP: 57/63 MP: 9/9
  5658 | D:6      | HP: 2/63 [orc warrior/+0 trident (4)]
  5658 | D:6      | Mangled by an iguana

Illustrated notes

Levels and vault maps discovered:
D:1:      minmay_arrival_split_and_join, layout_loops_cross, serial_glass,
          glass_columns_b, glass_columns_b, feat_on_display, feat_on_display,
          feat_on_display, basic_ecumenical_altar
D:2:      layout_basic, basic_altar, minmay_cupped
D:3:      layout_basic, kennysheep_generic_room_8, uniq_grinder,
          uniq_crazy_yiuf_cottage
D:4:      layout_loops_ring, nicolae_dithmenos_through_a_glass_darkly,
          nicolae_ossuary_entry_catacombs, serial_bayou_pond_a
D:5:      gammafunk_steamed_eel, layout_basic, lemuel_tele_altar,
          nicolae_ru_great_annihilating_truth, serial_bayou_crossing
D:6:      layout_basic, kennysheep_little_box, minmay_temple_entry_ruins
D:7:      layout_rooms

Skill      XL: |  1  2  3  4  5  6  7  8 |
---------------+-------------------------+-----
Axes           | 3 4 5 6 7 9 11 | 11.4
Fighting       | |  3.0
Armour         | |  1.7
Dodging        | |  1.7

Action                   |  1- 3 |  4- 6 |  7- 9 || total
-------------------------+-------+-------+-------++-------
Melee: Hand axe          |    79 |    69 |       ||   148
       Kick              |     8 |    29 |    67 ||   104
       Quarterstaff      |       |    25 |   175 ||   200
       Dagger            |       |    15 |       ||    15
Invok: Berserk           |       |     5 |     2 ||     7
  Use: Scroll            |       |       |     1 ||     1
 Stab: Distracted        |       |       |     1 ||     1
       Confused          |       |       |     1 ||     1
       Sleeping          |       |       |     1 ||     1
Armor: Animal skin       |     9 |       |       ||     9
       Ring mail         |    11 |    34 |    18 ||    63
       Scale mail        |       |       |    73 ||    73
Dodge: Dodged            |    54 |    64 |   108 ||   226

Table legend: (Time is in decaauts)
 A = Elapsed time spent in this place.
 B = Non-inter-level travel time spent in this place.
 C = Inter-level travel time spent in this place.
 D = Time resting spent in this place.
 E = Time spent auto-exploring this place.
 F = Levels seen in this place.
 G = Mean time per level.
                   A        B        C        D        E       F      G
               +--------+--------+--------+--------+--------+-----+--------+
         Total |   5777 |   5519 |    258 |    301 |   4143 |   7 |  825.3 |
       Dungeon |   5777 |   5519 |    258 |    301 |   4143 |   7 |  825.3 |
               +--------+--------+--------+--------+--------+-----+--------+

Top non-repeatable levels by time:
     D:1: 1376 daAuts
     D:5: 1105 daAuts
     D:3: 1031 daAuts
     D:4: 924 daAuts
     D:2: 732 daAuts
     D:6: 321 daAuts
     D:7: 286 daAuts
